 Dungeon Crawl Stone Soup version 0.30-a0-134-gb40fab5c76 (webtiles) character file.

Game seed: 15744665120626966335

30 SensoryNuts the Covered (level 3, -2/29 HPs)
             Began as a Demonspawn Fighter on Sept 19, 2022.
             Succumbed to Sigmund's poison
             ... on level 2 of the Dungeon.
             The game lasted 00:00:48 (1192 turns).

SensoryNuts the Covered (Demonspawn Fighter)        Turns: 1192, Time: 00:00:49

Health: -2/29      AC:  8    Str: 18    XL:     3   Next: 5%
Magic:  3/3        EV:  9    Int:  9    God:
Gold:   133        SH:  4    Dex: 12    Spells: 2/2 levels left

rFire   . . .      SeeInvis .    a - +0 war axe
rCold   . . .      Faith    .    c - +0 buckler
rNeg    . . .      Spirit   .    b - +0 scale mail
rPois   .          Reflect  .    (no helmet)
rElec   .          Harm     .    (no cloak)
rCorr   .          Rampage  .    (no gloves)
Will    .....                    (no boots)
Stlth   ..........               (no amulet)
HPRegen 0.09/turn                (no ring)
MPRegen 0.08/turn                (no ring)

@: mighty, lethally poisoned (-2 -> -20)
A: icy blue scales 1
a: no special abilities


You were on level 2 of the Dungeon.
You visited 1 branch of the dungeon, and saw 2 of its levels.

You collected 133 gold pieces.

Inventory:

Hand Weapons
 a - a +0 war axe (weapon)
Armour
 b - a +0 scale mail (worn)
 c - a +0 buckler (worn)
Scrolls
 e - a scroll of teleportation {unknown}
 f - a scroll of noise {unknown}
 g - a scroll of identify {unknown}
 h - a scroll of enchant weapon {unknown}
 i - a scroll of magic mapping {unknown}
 k - a scroll of fog {unknown}
 m - a scroll of immolation {unknown}
Potions
 j - a potion of curing {unknown}
 l - 2 potions of cancellation {unknown}


   Skills:
 + Level 3.0 Fighting
 * Level 2.3 Axes
 + Level 3.2 Armour
 + Level 3.0 Shields


You had 2 spell levels left.
You didn't know any spells.
Your spell library was empty.

Dungeon Overview and Level Annotations

Branches:
Dungeon (2/15)

Altars:

Annotations:
D:2 Sigmund


Innate Abilities, Weirdness & Mutations

You are partially covered in icy blue scales. (AC +2)


Message History

You closely miss the quokka. The quokka closely misses you.
The quokka bites you.
You hit the quokka.
The quokka is severely wounded.
You block the quokka's attack. The quokka bites you.
You slash the quokka!
You kill the quokka!
No target in view!
No target in view!
No target in view!
No target in view!
HP restored.
You now have 133 gold pieces (gained 14).
Sigmund the Dreaded comes into view.
He is wielding a +2 scythe of venom.
Sigmund shouts!
You hear a shout!
A goblin comes into view. It is wielding a +0 club.
There are monsters nearby!
You block Sigmund's attack.
You feel very mighty all of a sudden. You block Sigmund's attack.
You barely miss Sigmund.
Sigmund hits you with a +2 scythe of venom.
You are poisoned.
You barely miss Sigmund.
You feel very sick.
Sigmund hits you with a +2 scythe of venom.
You are more poisoned.
You slash Sigmund!
Sigmund is severely wounded.
You feel very sick. Sigmund barely misses you.
You hit Sigmund.
Sigmund is severely wounded.
You feel very sick.
Sigmund hits you with a +2 scythe of venom!
* * * LOW HITPOINT WARNING * * *
You are more poisoned.
You closely miss Sigmund.
Sigmund is severely wounded.
You die...

########.#####
#..........#
###........#.#
#####..........#.#
#......#.......#.#
#.###..#.......#.### #
#..#.......#....
..###.###..#.).....#####
.....g@@............)..>
..###.###..#.......####.
.. #..#...###.# #. ##
#..#...# #.# #.
#........#.# #.
##.#...#.#)# #.
#.#...#.#.####. ..#...#
#...... # #...# ######.


You could see Sigmund and a goblin.

Vanquished Creatures
  3 ball pythons (D:1)
  2 endoplasms (D:1)
  3 giant cockroaches (D:1)
  A jackal (D:1)
  2 kobolds
  4 quokkas
  2 bats (D:1)
  2 frilled lizards (D:1)
  5 goblins
  2 rats (D:1)
26 creatures vanquished.

Notes
Turn   | Place    | Note
-------+----------+-------------------------------------------
     0 | D:1      | SensoryNuts the Demonspawn Fighter began the quest for the
                  | Orb.
     0 | D:1      | Reached XP level 1. HP: 18/18 MP: 1/1
   304 | D:1      | Found a faded altar of an unknown god.
   309 | D:1      | Gained mutation: You are partially covered in icy blue
                  | scales. (AC +2) [demonic ancestry]
   309 | D:1      | Reached XP level 2. HP: 24/24 MP: 2/2
  1052 | D:2      | Reached XP level 3. HP: 29/29 MP: 3/3
  1184 | D:2      | Noticed Sigmund
  1192 | D:2      | Succumbed to Sigmund's poison

Illustrated notes

Levels and vault maps discovered:
D:1:      roderic_dead_forest, layout_basic, nicolae_ecumenical_snake_handling,
          minmay_tromino_mix6
D:2:      layout_basic, basic_altar, chequers_serial_rivers_marsh,
          chequers_serial_rivers_large_b, uniq_sigmund

Skill      XL: |  1  2 |
---------------+-------+-----
Armour         | 3 |  3.2
Axes           | 2 |  2.3
Shields        | 3 |  3.0
Fighting       | |  3.0

Action                   || total
-------------------------++-------
Melee: War axe           ||    66
  Use: Potion            ||     1
Armor: Scale mail        ||    29
Dodge: Dodged            ||    28
Block: Buckler           ||    22

Table legend: (Time is in decaauts)
 A = Elapsed time spent in this place.
 B = Non-inter-level travel time spent in this place.
 C = Inter-level travel time spent in this place.
 D = Time resting spent in this place.
 E = Time spent auto-exploring this place.
 F = Levels seen in this place.
 G = Mean time per level.
                   A        B        C        D        E       F      G
               +--------+--------+--------+--------+--------+-----+--------+
         Total |   1223 |   1199 |     24 |      0 |   1024 |   2 |  611.5 |
       Dungeon |   1223 |   1199 |     24 |      0 |   1024 |   2 |  611.5 |
               +--------+--------+--------+--------+--------+-----+--------+

Top non-repeatable levels by time:
     D:1: 964 daAuts
     D:2: 258 daAuts
